 Dungeon Crawl Stone Soup version 0.29-a0-925-g0a7a3d12f8 (webtiles) character file.

Game seed: 3559211171149068187

406 Alarak the Grave Robber (level 6, -10/41 HPs)
             Began as a Mummy Necromancer on July 29, 2022.
             Mangled by a wight
             ... wielding a +3 halberd
              (16 damage)
             ... on level 4 of the Dungeon.
             The game lasted 00:18:38 (3845 turns).

Alarak the Grave Robber (Mummy Necromancer)         Turns: 3845, Time: 00:18:39

Health: -10/41     AC:  2    Str: 12    XL:     6   Next: 56%
Magic:  15/15      EV: 12    Int: 16    God:
Gold:   100        SH:  0    Dex: 12    Spells: 13/17 levels left

rFire   x . .      SeeInvis .   d - staff of earth
rCold   + . .      Faith    .   (no shield)
rNeg    + + +      Spirit   .   a - +0 robe
rPois   ∞          Reflect  .   (no helmet)
rElec   .          Harm     .   (no cloak)
rCorr   .          Rampage  .   (no gloves)
Will    .....                   (no boots)
Stlth   ++........              (no amulet)
HPRegen 0.13/turn               i - ring of flight
MPRegen 0.14/turn               (no ring)

@: flying
A: cold resistance 1, negative energy resistance 3, torment resistance 2, heat
vulnerability 1, in touch with death 1, no potions
a: no special abilities


You were on level 4 of the Dungeon.
You visited 1 branch of the dungeon, and saw 4 of its levels.

You collected 100 gold pieces.

Inventory:

Hand Weapons
 b - a +0 club
 c - a +0 short sword
Armour
 a - a +0 robe (worn)
 n - a +0 buckler
Magical Staves
 d - a staff of earth (weapon)
Jewellery
 i - a ring of flight (left hand)
Scrolls
 e - 3 scrolls of identify
 f - a scroll of silence
 g - a scroll of magic mapping
 h - 2 scrolls of blinking
 j - a scroll of fog
 k - a scroll of immolation {unknown}
 m - a scroll of amnesia {unknown}
 o - 2 scrolls of enchant weapon {unknown}
 p - a scroll of enchant armour {unknown}
 q - a scroll of summoning {unknown}


   Skills:
 - Level 1.5 Dodging
 - Level 1.5 Stealth
 - Level 6.0 Spellcasting
 + Level 6.5 Necromancy


You had 13 spell levels left.
You knew the following spells:

 Your Spells              Type           Power      Damage    Failure   Level
a - Necrotise             Necr           100%       1d9       1%          1
b - Vampiric Draining     Necr           38%        2d8       2%          3

Your spell library contained the following spells:

 Spells                   Type           Power      Damage    Failure   Level
 Animate Dead             Necr           38%        N/A       10%         4
 Agony                    Necr           38%        N/A       26%         5
 Conjure Flame            Conj/Fire      4%         6-21      38%         3
 Gell's Gravitas          Tloc           4%         N/A       38%         3
 Ignite Poison            Fire/Tmut/Pois 4%         N/A       38%         3
 Lesser Beckoning         Tloc           4%         N/A       38%         3
 Teleport Other           Tloc           4%         N/A       38%         3
 Sticky Flame             Conj/Fire      4%         2d3       80%         4


Dungeon Overview and Level Annotations

Branches:
Dungeon (4/15)
 Temple: D:4-7

Altars:
Cheibriados
Ru

Shops:
D:3 =


Innate Abilities, Weirdness & Mutations

You are immune to poison.
Your flesh is cold resistant. (rC+)
You are immune to negative energy. (rN+++)
You are immune to unholy pain and torment.
You are vulnerable to heat. (rF-)
You are in touch with the powers of death.
You do not drink.


Message History

A wight comes into view.
It is wielding a +3 halberd and wearing a +0 robe of willpower.
Found a scroll labelled WIENYSHRIRI.
The wight hits you with a +4 mace!
You hit the wight but do no damage. The wight hits you with a +4 mace.
The wight hits you but does no damage. The wight hits you with a +0 battleaxe.
You hit the wight.
The wight is moderately damaged.
The wight closely misses you. x2; The wight hits you but does no damage.
Okay, then.
Okay, then.
The wight closely misses you.
As you read the scroll of fog, it crumbles to dust.
The scroll dissolves into smoke.
The ball python bites you. The ball python grabs you.
The ball python constricts you. The wight barely misses you.
The wight hits you from afar with a +3 halberd!
The wight misses you.
You escape the ball python's grasp.
The ball python attacks as you move away!
The ball python barely misses you. x2
The wight hits you from afar with a +3 halberd!
* * * LOW HITPOINT WARNING * * *
The ball python attacks as you move away!
The ball python barely misses you.
Blink to where?
Press: ? - help, Dir - move target
Found a stone staircase leading down.
As you read the scroll of blinking, it crumbles to dust.
Aiming: Iceblast
Press: ? - help, Shift-Dir - straight line, f - wight
Aim: a wight, wielding a +3 halberd and wearing a +0 robe of willpower The mass of ice explodes!
The iceblast engulfs the wight.
The wight is lightly damaged.
The now-empty wand crumbles to dust.
You hear a bark!
The wight closely misses you.
A hound comes into view.
There is an escape hatch in the ceiling here.
The wight hits you from afar with a +3 halberd!
You die...

.. #..##>.###.### ##
#.......z..# .. .
#.#..z.....# ..
.............# #n .##
#...?.....# .###.#
##........# ..#.#
#....Sz..# ##...#
#........# #...#
#h....@..# ##..###.#
#...§....# ........#
#....§...# ##..#####
#####§§###...
#...###########........#
........[..............#
.........######..#######
.#...##### #..# ...#..#
#..#


You could see a hound (wandering), 3 wights and a ball python.

Vanquished Creatures
  A black bear (D:4)
  A scorpion (D:4)
  A gnoll sergeant (D:3)
  Jessica (D:2)
  Natasha (twice) (D:2)
  3 gnolls (D:3)
  2 adders
  2 worms
  3 dart slugs
  5 orcs
  3 bats
  5 endoplasms
  A giant cockroach (D:1)
  2 hobgoblins
  3 kobolds
  3 ball pythons
  3 frilled lizards
  9 goblins
  5 rats
55 creatures vanquished.

Vanquished Creatures (collateral kills)
  An orc (D:4)
  A giant cockroach (D:2)
  A goblin (D:4)
  A hobgoblin (D:4)
  A ball python (D:3)
  A bat (D:1)
6 creatures vanquished.

Grand Total: 61 creatures vanquished

Notes
Turn   | Place    | Note
-------+----------+-------------------------------------------
     0 | D:1      | Alarak the Mummy Necromancer began the quest for the Orb.
     0 | D:1      | Reached XP level 1. HP: 13/13 MP: 4/4
   380 | D:1      | Reached XP level 2. HP: 14/19 MP: 0/5
  1256 | D:2      | Noticed Jessica
  1260 | D:2      | Killed Jessica
  1261 | D:2      | Reached skill level 5 in Necromancy
  1261 | D:2      | Gained mutation: You are in touch with the powers of death.
                  | [Mummy growth]
  1261 | D:2      | Reached XP level 3. HP: 24/24 MP: 0/7
  1324 | D:2      | Learned a level 3 spell: Vampiric Draining
  1530 | D:2      | Noticed Natasha
  1539 | D:2      | Killed Natasha
  1540 | D:2      | Reached XP level 4. HP: 27/30 MP: 2/9
  1615 | D:2      | Noticed Natasha
  1632 | D:2      | Killed Natasha
  2018 | D:3      | Found a snail-covered altar of Cheibriados.
  2145 | D:3      | Noticed a gnoll sergeant
  2222 | D:3      | Killed a gnoll sergeant
  2223 | D:3      | Reached skill level 5 in Spellcasting
  2223 | D:3      | Reached XP level 5. HP: 35/35 MP: 10/12
  2547 | D:3      | Found Mamoaru's Jewellery Shoppe.
  3259 | D:4      | Reached XP level 6. HP: 34/41 MP: 8/15
  3434 | D:4      | Found a sacrificial altar of Ru.
  3845 | D:4      | Mangled by a wight

Illustrated notes

Levels and vault maps discovered:
D:1:      onia_arrival_handbag, layout_basic
D:2:      layout_rooms, uniq_natasha, uniq_jessica
D:3:      layout_loops_ring, lemuel_tele_altar, serial_shops, shop, fountainhead
D:4:      layout_rooms, grunt_temple_overflow_open

Skill      XL: |  1  2  3  4  5  6 |
---------------+-------------------+-----
Necromancy     | 5 6 |  6.5
Spellcasting   | 3 5 6 |  6.0
Dodging        | |  1.5
Stealth        | |  1.5

Action                   |  1- 3 |  4- 6 || total
-------------------------+-------+-------++-------
Melee: Unarmed           |    17 |       ||    17
       Club              |    17 |    11 ||    28
       Staff             |       |    27 ||    27
 Cast: Necrotise         |    52 |    42 ||    94
       Vampiric Draining |     1 |    14 ||    15
Evoke: Wand              |       |     3 ||     3
  Use: Scroll            |       |     7 ||     7
 Stab: Sleeping          |       |     1 ||     1
Armor: Robe              |    21 |    13 ||    34
Dodge: Dodged            |    41 |    41 ||    82

Table legend: (Time is in decaauts)
 A = Elapsed time spent in this place.
 B = Non-inter-level travel time spent in this place.
 C = Inter-level travel time spent in this place.
 D = Time resting spent in this place.
 E = Time spent auto-exploring this place.
 F = Levels seen in this place.
 G = Mean time per level.
                   A        B        C        D        E       F      G
               +--------+--------+--------+--------+--------+-----+--------+
         Total |   3874 |   3718 |    156 |   1033 |   2172 |   4 |  968.5 |
       Dungeon |   3874 |   3718 |    156 |   1033 |   2172 |   4 |  968.5 |
               +--------+--------+--------+--------+--------+-----+--------+

Top non-repeatable levels by time:
     D:1: 1368 daAuts
     D:3: 1244 daAuts
     D:4: 666 daAuts
     D:2: 595 daAuts
